 Dungeon Crawl Stone Soup version 0.29.1-2-gbd0b4ee654 (webtiles) character file.

Game seed: 17100195583529709107

1624053 LustLizard the Slayer (level 27, 231/231 HPs)
             Began as a Demonspawn Fighter on Oct 22, 2022.
             Was a High Priest of Okawaru.
             Escaped with the Orb
             ... and 3 runes on Oct 24, 2022!
             The game lasted 03:38:23 (77329 turns).

LustLizard the Slayer (Demonspawn Fighter)         Turns: 77329, Time: 03:38:23

Health: 231/231    AC: 48    Str: 25    XL:     27
Magic:  37/37      EV: 24    Int:  9    God:    Okawaru [*****.]
Gold:   4102       SH: 21    Dex: 29    Spells: 26/26 levels left

rFire   + + .      SeeInvis +   L - +18 lance "Wyrmbane" {slay drac, rPois rF+ rC+ AC+3}
rCold   + + +      Faith    .   F - +4 kite shield of Hide-and-Seek {rC+ rCorr Dex+3}
rNeg    + . .      Spirit   .   R - +15 plate armour of Ignis, Feeding {rF+ Will+ Dex+4}
rPois   +          Reflect  .   (helmet unavailable)
rElec   +          Harm     .   P - +2 cloak of Ehityum {rElec Dex+4}
rCorr   +          Rampage  .   u - +2 pair of gloves {Str+3}
Will    +++++      Clarity  +   x - +1 pair of boots of Okawaru's Benevolence {rF+}
Stlth   ..........              Z - amulet of regeneration
HPRegen 1.28/turn               D - ring of Woh Reniuth {Ice rElec Will+++ Str-2}
MPRegen 0.25/turn               I - ring "Vamn" {rPois rC+ rN+ SInv}

@: studying Throwing
A: horns 3, foul stench 3, spiny 3, sanguine armour 3, corrupting presence 2,
word of chaos, clarity, dopey 1, mutation resistance 1
0: Orb of Zot
}: 3/15 runes: serpentine, barnacled, silver
a: Word of Chaos, Renounce Religion, Heroism, Finesse, Duel


You escaped.
You worshipped Okawaru.
Okawaru was extremely pleased with you.
You visited 10 branches of the dungeon, and saw 48 of its levels.
You visited 1 bazaar.
You also visited: Ice Cave and Wizlab.

You collected 7915 gold pieces.
You spent 3813 gold pieces at shops.

Inventory:

Hand Weapons
 c - the +7 demon blade of Capret {drain, *Corrode Will+++ Dex+4}
   (Okawaru gifted it to you on level 4 of the Shoals)

   A truly terrible weapon, it drains the life of any living foe it strikes.
   Dex:       It affects your dexterity (+4).
   *Corrode:  It may corrode you when you take damage.
   Will:      It greatly increases your willpower.
 L - the +18 lance "Wyrmbane" (weapon) {slay drac, rPois rF+ rC+ AC+3}
   (You acquired it on level 13 of the Dungeon)

   It inflicts extra damage against dragons and draconians.
   AC:        It affects your AC (+3).
   rF:        It protects you from fire.
   rC:        It protects you from cold.
   rPois:     It protects you from poison.
Missiles
 J - 26 poisoned darts
 N - 10 throwing nets
 Q - 19 silver javelins
 U - 34 boomerangs
 W - 47 javelins (quivered)
Armour
 u - a +2 pair of gloves of strength (worn)
 x - the +1 pair of boots of Okawaru's Benevolence (worn) {rF+}
   (Okawaru gifted it to you on level 1 of the Shoals)

   rF:        It protects you from fire.
 F - the +4 kite shield of Hide-and-Seek (worn) {rC+ rCorr Dex+3}
   (Okawaru gifted it to you on level 4 of the Vaults)

   Dex:       It affects your dexterity (+3).
   rC:        It protects you from cold.
   rCorr:     It protects you from acid and corrosion.
 P - the +2 cloak of Ehityum (worn) {rElec Dex+4}
   (You bought it in a shop on level 3 of the Depths)

   Dex:       It affects your dexterity (+4).
   rElec:     It insulates you from electricity.
 R - the +15 plate armour of Ignis, Feeding (worn) {rF+ Will+ Dex+4}
   (You bought it in a shop on level 7 of the Dungeon)

   Dex:       It affects your dexterity (+4).
   rF:        It protects you from fire.
   Will:      It increases your willpower.
Jewellery
 a - the ring of Efeopoffa {+Blink rF+ MP+9 Int-5 Stlth+}
   (You found it on level 1 of the Vaults)

   [ring of protection from fire]

   Int:       It affects your intelligence (-5).
   rF:        It protects you from fire.
   MP:        It affects your magic capacity (+9).
   +Blink:    It lets you blink.
   Stlth:     It makes you more stealthy.
 b - the ring "Sinkeid" {rF+ Will+}
   (You found it on level 2 of the Elven Halls)

   [ring of protection from fire]

   rF:        It protects you from fire.
   Will:      It increases your willpower.
 d - a ring of flight
 e - a +6 ring of strength
 q - the ring "Sitegy Joesch" {rPois rCorr Str+4 Dex-3}
   (You took it off a deep elf archer on level 3 of the Elven Halls)

   [ring of poison resistance]

   Str:       It affects your strength (+4).
   Dex:       It affects your dexterity (-3).
   rPois:     It protects you from poison.
   rCorr:     It protects you from acid and corrosion.
 D - the ring of Woh Reniuth (left hand) {Ice rElec Will+++ Str-2}
   (You found it on level 5 of the Vaults)

   [ring of ice]

   It enhances your ice magic.
   Str:       It affects your strength (-2).
   rF:        It makes you vulnerable to fire.
   rC:        It protects you from cold.
   rElec:     It insulates you from electricity.
   Will:      It greatly increases your willpower.
 I - the ring "Vamn" (right hand) {rPois rC+ rN+ SInv}
   (You bought it in a shop on level 3 of the Snake Pit)

   [ring of see invisible]

   rC:        It protects you from cold.
   rPois:     It protects you from poison.
   rN:        It protects you from negative energy.
   SInv:      It lets you see invisible.
 X - a ring of resist corrosion
 Z - an amulet of regeneration (around neck)
Wands
 f - a wand of mindburst (9)
 r - a wand of flame (66)
 y - a wand of paralysis (50)
 E - a wand of iceblast (46)
 H - a wand of acid (5)
 Y - a wand of polymorph (6)
Scrolls
 g - 7 scrolls of fear
 i - 2 scrolls of silence
 j - 6 scrolls of poison
 m - 7 scrolls of immolation
 o - 8 scrolls of blinking
 v - a scroll of teleportation
 w - 4 scrolls of magic mapping
 B - 6 scrolls of fog
 S - 5 scrolls of enchant armour
Potions
 h - 5 potions of berserk rage
 k - 5 potions of might
 l - 6 potions of curing
 n - 9 potions of lignification
 p - 5 potions of haste
 t - 5 potions of mutation
 A - 5 potions of cancellation
 G - 11 potions of magic
 K - 5 potions of attraction
 M - a potion of ambrosia
 O - 4 potions of resistance
 V - 4 potions of invisibility
Miscellaneous
 s - a phial of floods
 C - a condenser vane
 T - a tin of tremorstones (2/2)


   Skills:
 - Level 22.0 Fighting
 - Level 15.8 Long Blades
 + Level 18.2 Polearms
 - Level 10.0 Throwing
 + Level 21.3 Armour
 + Level 19.7 Dodging
 + Level 16.7 Shields
 - Level 20.5 Invocations
 - Level 17.2 Evocations


You had 26 spell levels left.
You didn't know any spells.
Your spell library contained the following spells:

 Spells                   Type           Power      Damage    Failure   Level
 Apportation              Tloc           0%         N/A       97%         1
 Beastly Appendage        Tmut           0%         N/A       97%         1
 Freeze                   Ice            0%         1d3       97%         1
 Magic Dart               Conj           0%         1d3       97%         1
 Necrotise                Necr           0%         1d4       97%         1
 Blink                    Tloc           0%         N/A       99%         2
 Ensorcelled Hibernation  Hex/Ice        0%         N/A       99%         2
 Passwall                 Tmut/Erth      0%         N/A       99%         2
 Poisonous Vapours        Pois/Air       0%         N/A       99%         2
 Sublimation of Blood     Necr           0%         N/A       99%         2
 Wereblood                Tmut           0%         N/A       99%         2
 Dazzling Flash           Conj/Hex       0%         N/A       100%        3
 Frozen Ramparts          Ice            0%         1d1       100%        3
 Mephitic Cloud           Conj/Pois/Air  0%         N/A       100%        3
 Ozocubu's Armour         Ice            0%         N/A       100%        3
 Portal Projectile        Hex/Tloc       0%         N/A       100%        3
 Spider Form              Tmut/Pois      0%         N/A       100%        3
 Swiftness                Air            0%         N/A       100%        3
 Corpse Rot               Necr/Pois/Air  0%         N/A       100%        4
 Hailstorm                Conj/Ice       0%         3d3       100%        4
 Ice Form                 Ice/Tmut       0%         N/A       100%        4
 Iskenderun's Mystic Bla  Conj/Tloc      0%         2d3       100%        4
 Leda's Liquefaction      Hex/Erth       0%         N/A       100%        4
 Olgreb's Toxic Radiance  Pois           0%         N/A       100%        4
 Passage of Golubria      Tloc           0%         N/A       100%        4
 Petrify                  Tmut/Erth      0%         N/A       100%        4
 Agony                    Necr           0%         N/A       100%        5
 Alistair's Intoxication  Tmut/Pois      0%         N/A       100%        5
 Blade Hands              Tmut           0%         N/A       100%        5
 Borgnjor's Vile Clutch   Necr/Erth      0%         N/A       100%        5
 Fireball                 Conj/Fire      0%         3d3       100%        5
 Irradiate                Conj/Tmut      0%         3d11      100%        5
 Iskenderun's Battlesphe  Conj           0%         2d6       100%        5
 Lee's Rapid Deconstruct  Erth           0%         3d5*      100%        5
 Manifold Assault         Tloc           0%         N/A       100%        5
 Metabolic Englaciation   Hex/Ice        0%         N/A       100%        5
 Silence                  Hex/Air        0%         N/A       100%        5
 Yara's Violent Unravell  Hex/Tmut       0%         3d3       100%        5
 Conjure Ball Lightning   Conj/Air       0%         3x3d6     100%        6
 Dispersal                Tloc           0%         N/A       100%        6
 Eringya's Noxious Bog    Tmut/Pois      0%         N/A       100%        6
 Iron Shot                Conj/Erth      0%         9d1       100%        6
 Orb of Destruction       Conj           0%         9d5       100%        7
 Ozocubu's Refrigeration  Ice            0%         4d7       100%        7
 Storm Form               Tmut/Air       0%         N/A       100%        7
 Ignition                 Fire           0%         3d3       100%        8
 Lehudib's Crystal Spear  Conj/Erth      0%         10d2      100%        8
 Maxwell's Capacitive Co  Air            0%         ∞         100%        8
 Summon Small Mammal      Summ           Unusable   N/A       N/A         1
 Call Imp                 Summ           Unusable   N/A       N/A         2
 Call Canine Familiar     Summ           Unusable   N/A       N/A         3
 Tukima's Dance           Hex            Unusable   N/A       N/A         3
 Animate Armour           Summ/Erth      Unusable   N/A       N/A         4
 Summon Ice Beast         Ice/Summ       Unusable   N/A       N/A         4
 Summon Forest            Summ/Tloc      Unusable   N/A       N/A         5
 Summon Mana Viper        Hex/Summ       Unusable   N/A       N/A         5
 Simulacrum               Ice/Necr       Unusable   N/A       N/A         6
 Summon Hydra             Summ           Unusable   N/A       N/A         7

Dungeon Overview and Level Annotations

Branches:
Dungeon (15/15)            Temple (1/1) D:6            Lair (5/5) D:8
 Shoals (4/4) Lair:2        Snake (4/4) Lair:2        Slime (0/5) Lair:5
    Orc (2/2) D:10            Elf (3/3) Orc:2        Vaults (5/5) D:13
  Crypt (0/3) Vaults:3     Depths (4/4) D:15            Zot (5/5) Depths:4
  IceCv (visited)          WizLab (visited)

Altars:
Ashenzari
Cheibriados
Dithmenos
Fedhas
Hepliaklqana
Kikubaaqudgha
Makhleb
Okawaru
Ru
Sif Muna
Uskayaw
Vehumet
Xom
Yredelemnul

Shops:
D:1 (   D:7 [   D:15 :?[   Orc:2 !((=   Shoals:1 *   Shoals:3 *   Snake:3 =!
Vaults:2 *   Vaults:3 ::[(   Depths:3 [(

Portals:
Hell: Depths:1 Depths:2 Depths:3 Depths:4
Abyss: Snake:4 Depths:3
Pandemonium: Depths:2
Ziggurat: Depths:1
Trove: Depths:1 (show slimy rune of Zot)

Annotations:
Depths:1 1 runed translucent door, exclusions: eye of devastation, 2 great orbs of eyes, shining eye and 4 more exclusions
Zot:4 2 transporters


Innate Abilities, Weirdness & Mutations

You have a pair of large horns on your head.
You frequently emit foul miasma when damaged in melee.
You are completely covered in sharp spines.
When seriously injured, your blood forms very thick armour. (AC +0)
Your presence sometimes corrodes or deforms those you injure.
You can speak a Word of Chaos.
You possess an exceptional clarity of mind.
You are dopey. (Int -2)
You are somewhat resistant to further mutation.


Message History

There is a stone staircase leading down here.
There is a stone staircase leading up here.
You climb upwards.
There is a stone staircase leading down here.
There is an open door here.
There is an open door here.
There is an open door here.
An Abuzoec, a Tzitzimitl and a large abomination come into view.
Things that are here:
a +0 leather armour; a +0 short sword You can't go up here!
Abuzoec moves out of view.
The Tzitzimitl moves out of view.
You see here a +0 mace.
There is a stone staircase leading up here.
You climb upwards.
There is a stone staircase leading down here.
There is a stone staircase leading up here.
You climb upwards.
There is a stone staircase leading down here.
An Orb Guardian comes into view.
There is a stone staircase leading up, spattered with blood here.
You climb upwards.
There is a stone staircase leading down here.
A reaper comes into view. It is wielding a +3 scythe of freezing.
There is an escape hatch in the ceiling here.
You block the reaper's attack. A mysterious force pulls you upwards.
The hatch slams shut behind you.
You see here a +0 ring mail.
There is a stone staircase leading up here.
You see here a +0 dagger.
You climb upwards.
There is a stone staircase leading down here.
You see here a +0 whip.
There is a stone staircase leading up, spattered with blood here.
You climb upwards.
There is a stone staircase leading down here.
There is an open door here.
There is a large open door here.
There is a staircase leading out of the dungeon here.
You have escaped!

#.##########
#..........#
#.#........#
#.#.##############
#.#.# #.#........#
#.#.# #.+...##...#
#.#.# #.+........#
#.#.###.#........#
#.#.##..#.......@#
#.#.....#........#
#.####..'........#
........'...##...#
#.###...#........#
.......###########
........#.#
..........#
.########.#


There were no monsters in sight!

Vanquished Creatures
  6 dread liches
  4 ancient liches
  The ghost of Angmar the Cloud Mage, a veteran DrAE of Vehumet (Vaults:2)
  The ghost of astronautguy the Petrodigitator, a master FoEE of Vehumet (Vaults:2)
  6 orbs of fire
  A juggernaut (Depths:4)
  The ghost of Zeld the Conqueror, a veteran MiBe of Trog (Zot:3)
  The ghost of Vatovie the Slayer, a veteran MiFi of Makhleb (Vaults:2)
  The ghost of Vatovie the Slayer, a veteran MiFi of Makhleb (Vaults:2)
  The ghost of dolemite99 the Warrior, a veteran DrFE of Okawaru (Vaults:2)
  The ghost of deprived the Bringer of Light, a veteran HOFi of the Shining One (Vaults:2)
  Boris (Arena)
  Frederick (Depths:3)
  7 Killer Klowns (Zot:5)
  Bai Suzhen (Vaults:3)
  A caustic shrike (Depths:3)
  7 golden dragons
  2 curse toes
  2 bone dragons (Zot:1)
  The ghost of Jivaux the Hoplite, a veteran GrFi of Okawaru (Vaults:3)
  The ghost of SpeedRobin the Champion of Chaos, an adept DDFi of Makhleb (Vaults:2)
  3 electric golems
  An iron giant (Zot:3)
  Jorgrun (Orc:1)
  Rupert (Lair:5)
  A moon troll (WizLab)
  9 liches
  14 tentacled monstrosities
  A walking earthen tome (Depths:3)
  A Hell Sentinel (D:10)
  A walking crystal tome (Depths:3)
  A deep elf blademaster (Elf:3)
  A deep elf master archer (Elf:3)
  26 Orb Guardians
  8 titans
  A walking frostbound tome (Depths:3)
  The ghost of Lolleill the Bludgeoner, an adept DgTm (Vaults:1)
  The ghost of Wueresid the Spry, an adept DEHW of Sif Muna (Vaults:2)
  The ghost of turdburglar the Brawler, an adept TrFi of Makhleb (Snake:4)
  A walking divine tome (Depths:4)
  8 death cobs
  7 quicksilver dragons
  6 sphinxes
  A sphinx (shapeshifter) (Vaults:1)
  The ghost of Forgeling the Bewitcher, an adept FeEn of Dithmenos (Vaults:2)
  An eldritch tentacle (Elf:1)
  10 tentacled starspawn (WizLab)
  Frances (D:12)
  An Executioner (D:10)
  2 krakens
  5 tengu reavers
  13 storm dragons
  19 shadow dragons
  9 draconian monks
  A daeva (Snake:4)
  6 fire giants
  8 nagarajas
  A draconian knight (Zot:2)
  5 frost giants
  13 deep elf sorcerers
  5 orc warlords
  5 iron dragons
  Louise (Depths:3)
  18 vault wardens
  4 draconian stormcallers
  2 cacodemons (WizLab)
  6 draconian shifters
  A ghost moth (Zot:1)
  A caustic shrike zombie (Depths:3)
  A ghost moth (shapeshifter) (Vaults:5)
  15 ironbound preservers
  7 draconian scorchers
  A spriggan defender (Depths:1)
  7 draconian annihilators
  4 deep elf elementalists
  2 reapers
  15 stone giants
  A caustic shrike skeleton (Depths:1)
  6 ironbound thunderhulks
  5 war gargoyles
  7 black draconians
  5 vampire knights
  13 green draconians
  27 very ugly things
  9 yellow draconians
  2 spark wasps (Depths:1)
  15 red draconians
  7 deep elf demonologists
  5 deep elf annihilators
  4 entropy weavers
  19 white draconians
  18 purple draconians
  Snorg (D:12)
  13 dire elephants
  A crystal guardian (WizLab)
  16 merfolk impalers
  6 deep elf death magi
  A merfolk javelineer (Shoals:4)
  2 jiangshi (Depths:1)
  17 ettins
  12 deep elf high priests
  A spriggan zombie (Depths:3)
  13 yaktaur captains
  14 fire dragons
  17 great orbs of eyes
  A boulder beetle (shapeshifter) (Vaults:4)
  10 ice dragons
  3 rakshasas
  28 vault guards
  7 hydras
  6 boulder beetles
  6 salamander tyrants
  4 spriggan air magi
  7 anacondas
  2 ogre magi (Vaults:5)
  A radroach (shapeshifter) (Vaults:4)
  3 catoblepae
  2 anacondas (shapeshifter) (Vaults:4)
  3 satyrs
  18 centaur warriors
  10 ironbound frosthearts
  31 dancing weapons
  2 merfolk aquamancers
  A death knight (D:15)
  8 two-headed ogres
  An alligator snapping turtle (Shoals:4)
  5 merfolk avatars
  20 naga warriors
  8 deep troll shamans
  13 naga sharpshooters
  6 deep troll earth magi
  7 tengu warriors
  A vampire mage (Depths:1)
  8 spriggan berserkers
  6 orc high priests
  8 shock serpents
  A sun demon (Depths:3)
  3 soul eaters
  2 storm dragon zombies
  7 spriggans
  12 deep elf knights
  A hell knight (Vaults:5)
  2 wretched stars
  A titan skeleton (Depths:3)
  6 skeletal warriors (Depths:1)
  5 salamander mystics
  2 goliath frogs (Lair:5)
  2 shadow wraiths
  2 death drakes (Depths:4)
  16 sea snakes
  A steelbarb worm (shapeshifter) (Zot:1)
  56 deep trolls
  4 iron trolls
  12 glowing orange brains
  6 flayed ghosts
  8 lindwurms
  5 naga ritualists
  4 phantasmal warriors
  13 wizards
  14 harpies (Shoals:4)
  12 deep elf archers
  A harpy (shapeshifter) (Elf:1)
  29 deep elf zephyrmancers
  5 mana vipers
  24 ironbound convokers
  5 necromancers
  26 deep elf pyromancers
  19 orc knights
  16 cyclopes
  10 manticores
  47 ugly things
  13 orc sorcerers
  9 fauns
  24 moths of wrath
  31 salamanders
  2 stone giant skeletons (Depths:1)
  A worldbinder (Snake:4)
  A guardian serpent (shapeshifter) (Vaults:4)
  10 merfolk sirens
  17 vault sentinels
  26 black mambas
  7 eyes of devastation (WizLab)
  2 apocalypse crabs (Shoals:1)
  8 water nymphs
  24 naga magi
  An orange demon (Depths:2)
  2 ice statues (IceCv)
  3 guardian serpents
  4 elephants (Lair:5)
  19 cane toads
  A smoke demon (Depths:2)
  2 gargoyles
  An efreet (D:9)
  2 hellions
  9 komodo dragons
  A freezing wraith (Vaults:4)
  23 yaktaurs
  A spark wasp simulacrum (Depths:3)
  5 rime drakes
  7 ice devils (IceCv)
  A komodo dragon (shapeshifter) (Depths:3)
  6 tengu conjurers
  3 hellwings
  A troll (shapeshifter) (Elf:1)
  2 polar bears
  3 anaconda simulacra (IceCv)
  24 merfolk
  A red devil (Depths:2)
  8 hornets
  3 tyrant leeches (Lair:5)
  3 wind drakes
  9 trolls
  6 meliai
  A blink frog (shapeshifter) (Vaults:4)
  7 dream sheep
  A raiju (Snake:4)
  26 slime creatures
  30 blink frogs
  A dream sheep (shapeshifter) (Depths:4)
  An elf zombie (Vaults:2)
  A fire giant simulacrum (Vaults:2)
  4 snapping turtles
  3 jumping spiders (Elf:1)
  6 wyverns
  The ghost of lotum the Trooper, an amateur TrCA of Ignis (D:4)
  63 yaks
  2 vampires
  4 air elementals
  3 shadows
  2 dire elephant simulacra (IceCv)
  Grum (D:8)
  4 wraiths
  A centaur simulacrum (D:14)
  4 fire elementals
  11 water elementals
  7 basilisks
  A chaos spawn (D:10)
  2 spatial vortices (Elf:1)
  2 steam dragons
  4 redbacks
  7 vampire mosquitoes
  A redback (shapeshifter) (Vaults:4)
  Menkaure (D:7)
  A yaktaur simulacrum (Vaults:2)
  6 wargs
  2 harpy simulacra (IceCv)
  A glowing shapeshifter zombie (Depths:1)
  56 nagas
  Duvessa (D:6)
  3 hydra simulacra (IceCv)
  A tengu skeleton (Depths:1)
  A floating eye (Depths:2)
  18 water moccasins
  3 ice beasts
  2 black bears
  23 orc warriors
  14 starcursed masses (WizLab)
  A sky beast (D:6)
  8 ogres
  2 centaurs
  3 wolves (D:8)
  3 phantoms
  3 earth elementals
  17 bullfrogs
  2 gnoll sergeants
  A scorpion (shapeshifter) (Vaults:1)
  A necrophage (D:4)
  5 scorpions
  8 wights
  A water moccasin skeleton (D:4)
  Dowan (D:6)
  An elephant simulacrum (IceCv)
  3 troll zombies (D:10)
  20 killer bees
  3 howler monkeys (D:9)
  4 hounds
  2 gnoll boudas
  17 orc priests
  A jelly (D:6)
  26 orc wizards
  Jessica (D:2)
  Ijyb (D:3)
  Natasha (D:3)
  2 iguanas
  5 hell rats (Lair:3)
  A killer bee zombie (D:4)
  A spriggan simulacrum (IceCv)
  5 ogre zombies (D:10)
  Robin (D:3)
  16 adders
  17 gnolls
  A shadow imp (D:6)
  6 white imps
  3 ufetubi
  2 worms
  A dart slug (D:1)
  64 orcs
  6 bats
  10 endoplasms
  4 giant cockroaches
  13 goblins
  9 hobgoblins
  3 jackals (D:1)
  6 kobolds
  2 quokkas
  5 ball pythons
  A frilled lizard (D:2)
  2 goblin skeletons (D:10)
  2 goblin zombies (D:10)
  2 hobgoblin skeletons (D:10)
  5 hobgoblin zombies (D:10)
  2 orc skeletons (D:10)
  11 orc zombies (D:10)
  2 rats (D:2)
  2 starspawn tentacles (WizLab)
  7 tentacles
2222 creatures vanquished.

Vanquished Creatures (others)
  A draconian knight (Zot:1)
  A ghost moth (Zot:1)
  An ettin (Vaults:5)
  2 deep elf knights
  A human (D:6)
  An orc priest (Vaults:5)
  5 ball lightnings (Vaults:2)
  A demonic plant (WizLab)
  21 fungi
  126 plants
  24 starspawn tentacles (WizLab)
  16 tentacles
200 creatures vanquished.

Grand Total: 2422 creatures vanquished

Notes
Turn   | Place    | Note
-------+----------+-------------------------------------------
     0 | D:1      | LustLizard the Demonspawn Fighter began the quest for the
                  | Orb.
     0 | D:1      | Reached XP level 1. HP: 18/18 MP: 1/1
   464 | D:1      | Gained mutation: When seriously injured, your blood forms
                  | armour. (AC +0) [demonic ancestry]
   464 | D:1      | Reached XP level 2. HP: 20/24 MP: 2/2
   873 | D:1      | Found Xynne's Weapon Emporium.
   883 | D:1      | Bought 4 poisoned darts for 17 gold pieces
  1209 | D:2      | Reached skill level 1 in Throwing
  1209 | D:2      | Gained mutation: You may rarely emit foul miasma when
                  | damaged in melee. [demonic ancestry]
  1209 | D:2      | Reached XP level 3. HP: 3/29 MP: 3/3
  2190 | D:2      | Reached XP level 4. HP: 35/35 MP: 4/4
  2207 | D:2      | Noticed Jessica
  2216 | D:2      | Killed Jessica
  2324 | D:2      | Found a faded altar of an unknown god.
  3306 | D:3      | Found a blossoming altar of Fedhas.
  3311 | D:3      | Found a broken altar of Ashenzari.
  3419 | D:3      | Noticed a water moccasin
  3432 | D:3      | Killed a water moccasin
  3432 | D:3      | HP: 1/36 [poisoned by a water moccasin]
  3433 | D:3      | Gained mutation: When seriously injured, your blood forms
                  | thick armour. (AC +0) [demonic ancestry]
  3433 | D:3      | Reached XP level 5. HP: 2/42 MP: 5/5
  3720 | D:3      | Upgraded the game from 0.29.1-1-gd02db6906a to
                  | 0.29.1-2-gbd0b4ee654
  3799 | D:3      | Noticed Natasha
  3807 | D:3      | Killed Natasha
  3808 | D:3      | Reached skill level 4 in Fighting
  3952 | D:3      | Noticed Robin
  3964 | D:3      | Killed Robin
  3965 | D:3      | Gained mutation: You sometimes emit foul miasma when
                  | damaged in melee. [demonic ancestry]
  3965 | D:3      | Reached XP level 6. HP: 48/48 MP: 6/6
  3987 | D:3      | Noticed Ijyb
  3996 | D:3      | Killed Ijyb
  4302 | D:4      | Found a runed translucent gate.
  4302 | D:4      | Found a runed translucent gate.
  4302 | D:4      | Found a runed translucent gate.
  4303 | D:4      | Noticed lotum's ghost (amateur TrCA)
  5341 | D:4      | Gained mutation: You have a pair of small horns on your
                  | head. [demonic ancestry]
  5341 | D:4      | Reached XP level 7. HP: 48/55 MP: 7/7
  5500 | D:5      | Entered Level 5 of the Dungeon
  5572 | D:4      | Reached skill level 5 in Long Blades
  6302 | D:5      | Reached skill level 5 in Fighting
  6713 | D:5      | Gained mutation: You have a pair of horns on your head.
                  | [demonic ancestry]
  6713 | D:5      | Reached XP level 8. HP: 61/63 MP: 8/8
  6963 | D:5      | Reached skill level 1 in Evocations
  7333 | D:6      | Found an ancient bone altar of Kikubaaqudgha.
  7359 | D:6      | Found a hide-covered altar of Uskayaw.
  7440 | D:6      | Noticed Duvessa
  7442 | D:6      | Reached skill level 6 in Fighting
  7444 | D:6      | Noticed Dowan
  7454 | D:6      | Killed Duvessa
  7555 | D:6      | Killed Dowan
  7711 | D:6      | Found a staircase to the Ecumenical Temple.
  7727 | Temple   | Entered the Ecumenical Temple
  7741 | Temple   | Became a worshipper of Warmaster Okawaru
  7944 | D:6      | Gained mutation: You frequently emit foul miasma when
                  | damaged in melee. [demonic ancestry]
  7944 | D:6      | Reached XP level 9. HP: 13/71 MP: 9/9
  8245 | D:7      | Found Huchec's Antique Armour Boutique.
  8372 | D:7      | Reached * piety under Okawaru
  8799 | D:7      | Reached skill level 7 in Fighting
  8839 | D:7      | Found a hazy altar of Hepliaklqana.
  8864 | D:7      | Identified the +7 whip of Spite {pain, MP+9 Dex+2}
  8917 | D:7      | Identified the +1 war axe of Xuaclup {protect, rElec Will+
                  | Dex+2}
  8999 | D:7      | Noticed Menkaure
  9010 | D:7      | Killed Menkaure
  9998 | D:8      | Reached skill level 5 in Evocations
 10014 | D:8      | Reached ** piety under Okawaru
 10127 | D:8      | Reached skill level 1 in Invocations
 10251 | D:8      | Found a staircase to the Lair.
 10393 | D:8      | Noticed Grum
 10395 | D:8      | Gained mutation: You have a pair of large horns on your
                  | head. [demonic ancestry]
 10395 | D:8      | Reached XP level 10. HP: 74/80 MP: 11/11
 10410 | D:8      | Killed Grum
 11665 | D:9      | You fall into a shaft and drop 3 floors!
 11713 | D:11     | Reached skill level 8 in Fighting
 11952 | D:11     | Reached *** piety under Okawaru
 11953 | D:11     | Reached skill level 10 in Long Blades
 12001 | D:11     | Reached skill level 5 in Invocations
 12053 | D:11     | Received a gift from Okawaru
 12168 | D:11     | Noticed a cyclops
 12169 | D:11     | Found a gate leading to a gauntlet.
 12197 | D:11     | Killed a cyclops
 12539 | D:11     | Reached **** piety under Okawaru
 12543 | D:11     | Received a gift from Okawaru
 12668 | D:10     | Entered Level 10 of the Dungeon
 12686 | D:10     | Reached skill level 9 in Fighting
 12693 | D:11     | Gained mutation: You are partially covered in sharp spines.
                  | [demonic ancestry]
 12693 | D:11     | Reached XP level 11. HP: 44/89 MP: 15/15
 13100 | D:7      | Bought a pitted plate armour for 616 gold pieces
 13100 | D:7      | Identified the +15 plate armour of Ignis, Feeding {rF+
                  | Will+ Dex+4} (You bought it in a shop on level 7 of the
                  | Dungeon)
 13313 | D:4      | Killed lotum's ghost
 13883 | D:9      | Noticed a deep elf pyromancer
 13891 | D:9      | Killed a deep elf pyromancer
 14053 | D:9      | Received a gift from Okawaru
 14096 | D:9      | Reached ***** piety under Okawaru
 14096 | D:9      | Received a gift from Okawaru
 14106 | D:9      | Noticed a boulder beetle
 14124 | D:9      | Killed a boulder beetle
 14355 | D:9      | Noticed a tengu warrior
 14364 | D:9      | Killed a tengu warrior
 14364 | D:9      | Received a gift from Okawaru
 14367 | D:9      | Reached skill level 5 in Throwing
 14541 | D:9      | Noticed an orc sorcerer
 14609 | D:9      | Noticed an orc sorcerer
 14618 | D:9      | Killed an orc sorcerer
 14621 | D:9      | Received a gift from Okawaru
 14636 | D:9      | Killed an orc sorcerer
 14642 | D:9      | Noticed a two-headed ogre
 14647 | D:9      | Killed a two-headed ogre
 14647 | D:9      | Received a gift from Okawaru
 14648 | D:9      | Reached skill level 10 in Fighting
 14648 | D:9      | Gained mutation: You are mostly covered in sharp spines.
                  | [demonic ancestry]
 14648 | D:9      | Reached XP level 12. HP: 51/97 MP: 13/16
 14983 | D:9      | Received a gift from Okawaru
 15464 | D:10     | Found a shimmering blue altar of Sif Muna.
 15760 | D:10     | Found a staircase to the Orcish Mines.
 15908 | D:10     | Reached skill level 5 in Armour
 16332 | Lair:1   | Entered Level 1 of the Lair of Beasts
 16339 | Lair:1   | Reached skill level 5 in Shields
 16460 | Lair:1   | Received a gift from Okawaru
 16677 | Lair:1   | Noticed an eight-headed hydra
 16687 | Lair:1   | Killed a five-headed hydra
 16687 | Lair:1   | Received a gift from Okawaru
 16893 | Lair:1   | Noticed a catoblepas
 16910 | Lair:1   | Killed a catoblepas
 17731 | Lair:2   | Found a staircase to the Shoals.
 18738 | Lair:2   | Noticed a four-headed hydra
 18746 | Lair:2   | Killed a one-headed hydra
 18746 | Lair:2   | Reached ****** piety under Okawaru
 18950 | Lair:2   | Gained mutation: Your presence sometimes corrodes those you
                  | injure. [demonic ancestry]
 18950 | Lair:2   | Reached XP level 13. HP: 82/105 MP: 17/17
 19103 | Lair:2   | You fall into a shaft and drop 1 floor!
 19115 | Lair:3   | Reached skill level 11 in Fighting
 19449 | Lair:2   | Found a staircase to the Snake Pit.
 19618 | Lair:3   | Received a gift from Okawaru
 21050 | Lair:4   | Received a gift from Okawaru
 21132 | Lair:4   | Found a frozen archway.
 21158 | IceCv    | Entered an ice cave
 21185 | IceCv    | Identified the +1 scale mail of the Fiend {rC- rCorr Dex+6
                  | Stlth+} (Okawaru gifted it to you in an ice cave)
 21185 | IceCv    | Received a gift from Okawaru
 21577 | IceCv    | Identified a scroll of acquirement
 22154 | IceCv    | Found the +4 skin of Zhor {*Englaciate rC+++ SInv}
 22156 | IceCv    | Noticed a reaper
 22485 | IceCv    | Killed a reaper
 23111 | Lair:5   | Entered Level 5 of the Lair of Beasts
 23428 | Lair:5   | Gained mutation: You are completely covered in sharp
                  | spines. [demonic ancestry]
 23428 | Lair:5   | Reached XP level 14. HP: 99/114 MP: 18/18
 23443 | Lair:5   | Reached skill level 12 in Fighting
 23525 | Lair:5   | Noticed Rupert
 23698 | Orc:1    | Entered Level 1 of the Orcish Mines
 23700 | Orc:1    | Noticed Jorgrun
 23729 | Orc:1    | Killed Jorgrun
 23729 | Orc:1    | Received a gift from Okawaru
 23732 | Orc:1    | Reached skill level 15 in Long Blades
 23977 | Orc:1    | Received a gift from Okawaru
 24846 | Orc:2    | Entered Level 2 of the Orcish Mines
 25034 | Orc:2    | Found a flickering gateway to a bazaar.
 25054 | Bazaar   | Entered a bazaar
 25183 | Bazaar   | Found Fiaxzeha's Antique Weapon Emporium.
 25195 | Bazaar   | Found Wuzorhi's Antique Weapon Shoppe.
 25210 | Bazaar   | Found Goubil's Antique Armour Shoppe.
 25222 | Bazaar   | Found Dacal's Antique Armour Emporium.
 25245 | Bazaar   | Bought a pair of embroidered boots for 157 gold pieces
 25266 | Bazaar   | Bought a runed long sword for 234 gold pieces
 25298 | Orc:2    | Found a staircase to the Elven Halls.
 26005 | Orc:2    | Found Noeq's Jewellery Shop.
 26005 | Orc:2    | Found Iblo Mob's Distillery.
 26007 | Orc:2    | Found Axiavu's Antique Weapon Emporium.
 26007 | Orc:2    | Found Feobeun's Antique Weapon Emporium.
 26523 | Orc:2    | Bought a glowing long sword for 175 gold pieces
 26537 | Orc:2    | Bought an amulet of regeneration for 420 gold pieces
 26561 | Orc:2    | Bought a potion of curing for 33 gold pieces
 26561 | Orc:2    | Bought a potion of resistance for 110 gold pieces
 26561 | Orc:2    | Bought a potion of heal wounds for 55 gold pieces
 26834 | Orc:2    | Acquired 816 gold pieces
 26967 | D:12     | Reached skill level 1 in Dodging
 27008 | D:12     | Noticed Snorg
 27027 | D:12     | Killed Snorg
 27293 | D:12     | Noticed Frances
 27303 | D:12     | Killed Frances
 27303 | D:12     | Received a gift from Okawaru
 27680 | D:13     | Reached skill level 13 in Fighting
 27758 | D:13     | Identified the +9 triple sword "Goblin's Funeral" {freeze,
                  | Str+6} (Okawaru gifted it to you on level 13 of the
                  | Dungeon)
 27758 | D:13     | Received a gift from Okawaru
 28075 | D:13     | Acquired the +8 lance "Wyrmbane" {slay drac, rPois rF+ rC+
                  | AC+3}
 28075 | D:13     | Found the +8 lance "Wyrmbane" {slay drac, rPois rF+ rC+
                  | AC+3}
 28077 | D:13     | Acquired a manual of Fighting
 28079 | D:13     | Acquired the +1 pair of boots of the Meadowlark {rPois}
 28106 | D:13     | Reached skill level 1 in Polearms
 28141 | D:13     | Found a gate to the Vaults.
 28146 | D:13     | Reached XP level 15. HP: 123/123 MP: 20/20
 28846 | D:14     | Identified the +9 falchion of Starshine {protect, rC+}
                  | (Okawaru gifted it to you on level 14 of the Dungeon)
 28846 | D:14     | Received a gift from Okawaru
 28867 | D:14     | Reached skill level 5 in Polearms
 29628 | Lair:5   | Identified the +1 plate armour of Lethargy {rElec Str+4}
 29690 | Lair:5   | Identified the +0 buckler of Conscience {Str+4}
 29710 | Lair:5   | Identified the +1 troll leather armour of the Tundras
                  | {rPois Regen+ Str+2 Int+4} (Okawaru gifted it to you on
                  | level 5 of the Lair of Beasts)
 29710 | Lair:5   | Received a gift from Okawaru
 29932 | Lair:5   | Found a staircase to the Slime Pits.
 29998 | Lair:5   | Paralysed by Rupert for 4 turns
 30016 | Lair:5   | Killed Rupert
 30240 | D:15     | Entered Level 15 of the Dungeon
 30544 | D:15     | Found Oroime Ocuw's Book Shop.
 30685 | D:15     | Found Jousif's Antique Armour Boutique.
 30775 | D:15     | Found Soleyf's Magic Scroll Boutique.
 31057 | D:15     | Found a staircase to the Depths.
 31394 | Shoals:1 | Entered Level 1 of the Shoals
 31629 | Shoals:1 | Found Eqaozudy's Gadget Gallery.
 31725 | Shoals:1 | Reached skill level 10 in Polearms
 32195 | Shoals:1 | Noticed a kraken
 32337 | Shoals:1 | Killed a kraken
 32337 | Shoals:1 | Identified the +1 pair of boots of Okawaru's Benevolence
                  | {rF+} (Okawaru gifted it to you on level 1 of the Shoals)
 32337 | Shoals:1 | Received a gift from Okawaru
 32397 | Shoals:1 | Identified the ring "Culef" {Will- rCorr Str+4}
 32753 | Shoals:1 | Noticed a tentacled monstrosity
 32770 | Shoals:1 | Gained mutation: Your presence sometimes corrodes or
                  | deforms those you injure. [demonic ancestry]
 32770 | Shoals:1 | Reached XP level 16. HP: 123/130 MP: 19/21
 32775 | Shoals:1 | Killed a tentacled monstrosity
 34258 | Shoals:3 | Found Esodwame's Assorted Antiques.
 35221 | Shoals:4 | Entered Level 4 of the Shoals
 35283 | Shoals:4 | Identified the +7 demon blade of Capret {drain, *Corrode
                  | Will+++ Dex+4} (Okawaru gifted it to you on level 4 of the
                  | Shoals)
 35283 | Shoals:4 | Received a gift from Okawaru
 35284 | Shoals:4 | Reached skill level 14 in Fighting
 35284 | Shoals:4 | Reached skill level 5 in Dodging
 35492 | Shoals:4 | Got a barnacled rune of Zot
 35793 | Shoals:4 | Received a gift from Okawaru
 35843 | Shoals:4 | Received a gift from Okawaru
 36007 | Shoals:4 | Reached skill level 10 in Invocations
 36019 | Shoals:4 | Reached skill level 15 in Fighting
 36204 | Shoals:4 | Received a gift from Okawaru
 36368 | Shoals:4 | Reached XP level 17. HP: 110/142 MP: 24/24
 36435 | Shoals:4 | Identified the +7 great sword "Hydraslayer" {drain, Int+4}
 36503 | Shoals:4 | Noticed a kraken
 36597 | Shoals:4 | Received a gift from Okawaru
 36630 | Shoals:4 | Killed a kraken
 36981 | Snake:1  | Entered Level 1 of the Snake Pit
 37166 | Snake:1  | Identified the +1 flail of Risk Management {pain, rN++
                  | Dex+5}
 37366 | Snake:1  | Received a gift from Okawaru
 38306 | Snake:2  | Reached skill level 16 in Fighting
 38533 | Snake:2  | Reached skill level 10 in Evocations
 38675 | Snake:2  | Received a gift from Okawaru
 39237 | Snake:3  | Reached skill level 17 in Fighting
 39597 | Snake:3  | Identified the +0 buckler of Dawn {Regen+ Str-4 Int-4
                  | Dex+8} (Okawaru gifted it to you on level 3 of the Snake
                  | Pit)
 39597 | Snake:3  | Received a gift from Okawaru
 39849 | Snake:3  | Found Laofynk's Jewellery Boutique.
 39857 | Snake:3  | Found Sumum's Distillery.
 40141 | Snake:3  | Bought a potion of cancellation for 160 gold pieces
 40141 | Snake:3  | Bought a potion of might for 80 gold pieces
 40141 | Snake:3  | Bought a potion of haste for 200 gold pieces
 40141 | Snake:3  | Bought 2 potions of cancellation for 320 gold pieces
 40141 | Snake:3  | Bought a potion of mutation for 160 gold pieces
 40145 | Snake:3  | Bought the ring "Vamn" {rPois rC+ rN+ SInv} for 486 gold
                  | pieces
 40196 | Snake:4  | Entered Level 4 of the Snake Pit
 40402 | Snake:4  | Reached skill level 18 in Fighting
 40567 | Snake:4  | Noticed turdburglar's ghost (adept TrFi)
 41011 | Snake:4  | Reached skill level 10 in Dodging
 41014 | Snake:4  | Reached XP level 18. HP: 145/158 MP: 25/25
 41181 | Snake:4  | Found a one-way gate to the infinite horrors of the Abyss.
 41388 | Snake:4  | Found a transporter.
 41390 | Snake:4  | Found a transporter.
 41581 | Snake:4  | Received a gift from Okawaru
 41595 | Snake:4  | Reached skill level 19 in Fighting
 42234 | Snake:4  | Got a serpentine rune of Zot
 42400 | Snake:4  | Reached skill level 20 in Fighting
 42531 | Snake:4  | Received a gift from Okawaru
 42873 | Vaults:1 | Entered Level 1 of the Vaults
 43001 | Vaults:1 | Identified the +7 sling of the Spider {flame, Drain +Blink
                  | rN+++ Str-5} (Okawaru gifted it to you on level 1 of the
                  | Vaults)
 43001 | Vaults:1 | Received a gift from Okawaru
 43066 | Vaults:1 | Found a magical portal.
 43087 | WizLab   | Entered Lehudib's Moon Base
 44449 | WizLab   | Reached skill level 21 in Fighting
 44564 | WizLab   | Received a gift from Okawaru
 44688 | WizLab   | Paralysed by accursed screaming for 2 turns
 44692 | WizLab   | Paralysed by accursed screaming for 1 turns
 44821 | WizLab   | Found a transporter.
 44984 | WizLab   | Received a gift from Okawaru
 44988 | WizLab   | Found a transporter.
 45075 | WizLab   | Identified the +5 quarterstaff "Tol Muso" {flame, rN+ Str+4
                  | Int+4}
 45075 | WizLab   | Noticed a moon troll
 45093 | WizLab   | Killed a moon troll
 45094 | WizLab   | Reached XP level 19. HP: 115/173 MP: 19/26
 45183 | WizLab   | Identified the +1 pair of gloves of the Centipede {rF- rC+
                  | Int+7 SInv}
 45350 | Vaults:1 | Reached skill level 22 in Fighting
 45382 | Vaults:1 | You fall into a shaft and drop 1 floor!
 45406 | Vaults:2 | Identified the +2 robe "Nuahufutruy" {Dex+2} (Okawaru
                  | gifted it to you on level 2 of the Vaults)
 45406 | Vaults:2 | Received a gift from Okawaru
 45603 | Vaults:2 | Identified the +2 robe "Utotay" {rN+ rCorr Int-2 Stlth+}
 46280 | Vaults:1 | Gained mutation: When seriously injured, your blood forms
                  | very thick armour. (AC +0) [demonic ancestry]
 46280 | Vaults:1 | Reached XP level 20. HP: 182/182 MP: 27/27
 46432 | Vaults:1 | Reached skill level 10 in Shields
 46718 | Vaults:1 | Found a transporter.
 46734 | Vaults:1 | Found a transporter.
 47671 | Vaults:2 | Received a gift from Okawaru
 47725 | Vaults:2 | Identified the +10 long sword of Okawaru's Reproof
                  | {antimagic, rN+ rCorr} (Okawaru gifted it to you on level 2
                  | of the Vaults)
 47725 | Vaults:2 | Received a gift from Okawaru
 47753 | Vaults:2 | Reached skill level 10 in Throwing
 48190 | Vaults:2 | Found Ijud's General Store.
 48366 | Vaults:2 | Found a huge runed gate.
 48366 | Vaults:2 | Found a huge runed gate.
 48366 | Vaults:2 | Found a huge runed gate.
 48367 | Vaults:2 | Found a huge runed gate.
 48367 | Vaults:2 | Found a huge runed gate.
 48367 | Vaults:2 | Found a huge runed gate.
 48367 | Vaults:2 | Found a huge runed gate.
 48367 | Vaults:2 | Found a huge runed gate.
 48369 | Vaults:2 | Found a huge runed gate.
 48369 | Vaults:2 | Found a huge runed gate.
 48369 | Vaults:2 | Found a huge runed gate.
 48370 | Vaults:2 | Found a huge runed gate.
 48371 | Vaults:2 | Found a huge runed gate.
 48372 | Vaults:2 | Found a huge runed gate.
 48381 | Vaults:2 | Found a huge runed gate.
 48381 | Vaults:2 | Found a huge runed gate.
 48381 | Vaults:2 | Found a huge runed gate.
 48381 | Vaults:2 | Found a huge runed gate.
 48381 | Vaults:2 | Found a huge runed gate.
 48381 | Vaults:2 | Found a huge runed gate.
 48382 | Vaults:2 | Found a huge runed gate.
 48383 | Vaults:2 | Found a huge runed gate.
 48384 | Vaults:2 | Found a huge runed gate.
 48392 | Vaults:2 | Found a huge runed gate.
 48392 | Vaults:2 | Found a huge runed gate.
 48392 | Vaults:2 | Found a huge runed gate.
 48392 | Vaults:2 | Found a huge runed gate.
 48392 | Vaults:2 | Found a huge runed gate.
 48392 | Vaults:2 | Found a huge runed gate.
 48393 | Vaults:2 | Found a huge runed gate.
 48394 | Vaults:2 | Found a huge runed gate.
 48395 | Vaults:2 | Found a huge runed gate.
 48403 | Vaults:2 | Found a huge runed gate.
 48403 | Vaults:2 | Found a huge runed gate.
 48403 | Vaults:2 | Found a huge runed gate.
 48403 | Vaults:2 | Found a huge runed gate.
 48485 | Vaults:2 | Noticed Vatovie's ghost (veteran MiFi)
 48485 | Vaults:2 | Noticed Lolleill's ghost (adept DgTm)
 48485 | Vaults:2 | Noticed SpeedRobin's ghost (adept DDFi)
 48582 | Vaults:2 | Killed Vatovie's ghost
 48685 | Vaults:2 | Noticed Angmar's ghost (veteran DrAE)
 48685 | Vaults:2 | Noticed dolemite99's ghost (veteran DrFE)
 48686 | Vaults:2 | Noticed Wueresid's ghost (adept DEHW)
 48915 | Vaults:2 | Noticed deprived's ghost (veteran HOFi)
 48949 | Vaults:2 | Killed deprived's ghost
 49043 | Vaults:2 | Killed Angmar's ghost
 49167 | Vaults:2 | Noticed Forgeling's ghost (adept FeEn)
 49231 | Vaults:2 | Killed Forgeling's ghost
 49415 | Vaults:1 | Killed Lolleill's ghost
 49548 | Vaults:2 | Killed Wueresid's ghost
 49548 | Vaults:2 | Received a gift from Okawaru
 49615 | Vaults:2 | Noticed astronautguy's ghost (master FoEE)
 49689 | Vaults:2 | Killed astronautguy's ghost
 49690 | Vaults:2 | Reached XP level 21. HP: 104/189 MP: 23/28
 49824 | Vaults:2 | Identified the +1 hat of Fun and Games {rC- Int+4 Dex+2}
 49867 | Vaults:2 | Noticed Vatovie's ghost (veteran MiFi)
 49977 | Vaults:3 | Found Rawn's Book Boutique.
 49992 | Vaults:3 | Noticed Boris
 50001 | Arena    | Entered the Arena
 50009 | Arena    | Killed Boris
 50010 | Arena    | Reached skill level 10 in Armour
 50215 | Vaults:3 | Noticed Bai Suzhen
 50231 | Vaults:3 | Killed Bai Suzhen
 50277 | Vaults:3 | Found Datwumom's Book Shop.
 50358 | Vaults:3 | Received a gift from Okawaru
 50691 | Vaults:3 | Found a runed translucent door.
 50693 | Vaults:3 | Noticed Jivaux's ghost (veteran GrFi)
 50758 | Vaults:3 | Killed Jivaux's ghost
 51052 | Vaults:3 | Found Byshudd's Antique Armour Shop.
 51160 | Vaults:3 | Received a gift from Okawaru
 51219 | Vaults:3 | Found a staircase to the Crypt.
 51525 | Vaults:3 | Received a gift from Okawaru
 51702 | Vaults:3 | Found Zempial's Weapon Emporium.
 51937 | Vaults:4 | Received a gift from Okawaru
 52169 | Vaults:4 | Identified the +4 kite shield of Hide-and-Seek {rC+ rCorr
                  | Dex+3} (Okawaru gifted it to you on level 4 of the Vaults)
 52169 | Vaults:4 | Received a gift from Okawaru
 53229 | Vaults:2 | Killed SpeedRobin's ghost
 53446 | Elf:1    | Entered Level 1 of the Elven Halls
 53471 | Elf:1    | Reached XP level 22. HP: 196/196 MP: 32/32
 53483 | Elf:1    | Paralysed by an air elemental for 1 turns
 53486 | Elf:1    | Paralysed by an air elemental for 1 turns
 53778 | Elf:1    | Received a gift from Okawaru
 54142 | Elf:1    | Received a gift from Okawaru
 54289 | Elf:1    | Got Jiser's Meditations on Coordinates
 54744 | Elf:1    | Identified the +5 flail of the Conjuring Hawk {venom, Will+
                  | Dex+2}
 54822 | Elf:1    | Found a runed translucent gate.
 54822 | Elf:1    | Found a runed translucent gate.
 54822 | Elf:1    | Found a runed translucent gate.
 54822 | Elf:1    | Found a runed translucent gate.
 54822 | Elf:1    | Found a runed translucent gate.
 54824 | Elf:1    | Found a runed translucent gate.
 55069 | Elf:2    | Identified the ring "Sinkeid" {rF+ Will+}
 55099 | Elf:2    | Paralysed by an air elemental for 1 turns
 55191 | Elf:2    | Reached skill level 15 in Invocations
 55268 | Elf:2    | Found a huge runed translucent gate.
 55268 | Elf:2    | Found a huge runed translucent gate.
 55269 | Elf:2    | Found a huge runed translucent gate.
 55273 | Elf:2    | Found a huge runed translucent gate.
 55275 | Elf:2    | Found a huge runed translucent gate.
 56069 | Depths:1 | Entered Level 1 of the Depths
 56240 | Depths:1 | Identified the +2 robe of Cusetal {MP-9 Int+9} (Okawaru
                  | gifted it to you on level 1 of the Depths)
 56240 | Depths:1 | Received a gift from Okawaru
 56600 | Depths:1 | Found a one-way gateway to a ziggurat.
 56683 | Depths:1 | Found a portal to a secret trove of treasure.
 56821 | Depths:1 | Noticed a dread lich
 56833 | Depths:1 | Killed a dread lich
 57193 | Depths:1 | Gained mutation: You can speak a Word of Chaos. [demonic
                  | ancestry]
 57193 | Depths:1 | Reached XP level 23. HP: 202/203 MP: 35/35
 57308 | Depths:1 | Found a gateway to Hell.
 57454 | Depths:1 | Got the Octavo of the Maze
 57502 | Depths:1 | Identified the +1 swamp dragon scales "Serov" {rPois rF+
                  | rCorr Int-2 Dex+5} (Okawaru gifted it to you on level 1 of
                  | the Depths)
 57502 | Depths:1 | Received a gift from Okawaru
 57579 | Depths:1 | Found a runed translucent door.
 57589 | Depths:1 | Found a radiant altar of Vehumet.
 57589 | Depths:1 | Noticed an ancient lich
 58340 | Depths:2 | Found a one-way gate leading to the halls of Pandemonium.
 58349 | Depths:2 | Reached skill level 15 in Evocations
 59518 | Depths:3 | Found Cisiojuo's Weapon Shop.
 59518 | Depths:3 | Found Aguxt's Armour Boutique.
 59568 | Depths:3 | Bought the +2 cloak of Ehityum {rElec Dex+4} for 590 gold
                  | pieces
 59651 | Depths:3 | Found a shimmering blue altar of Sif Muna.
 59858 | Depths:3 | Noticed Louise
 59877 | Depths:3 | Killed Louise
 60055 | Depths:3 | You fall into a shaft and drop 1 floor!
 60055 | Depths:4 | Entered Level 4 of the Depths
 60215 | Depths:3 | Noticed a caustic shrike
 60226 | Depths:3 | Killed a caustic shrike
 60305 | Depths:3 | Reached skill level 15 in Dodging
 60530 | Depths:3 | Received a gift from Okawaru
 60740 | Depths:3 | Noticed Frederick
 60754 | Depths:3 | Killed Frederick
 61097 | Depths:3 | Identified the +4 demon whip of Awkwardness {flame, rPois
                  | rCorr Dex-4}
 61320 | Depths:4 | Identified the +1 robe of Cielaugi {rElec rN++ Int+2 Dex+4}
                  | (Okawaru gifted it to you on level 4 of the Depths)
 61320 | Depths:4 | Received a gift from Okawaru
 61486 | Depths:4 | Noticed a juggernaut
 61519 | Depths:4 | Killed a juggernaut
 61577 | Depths:4 | Identified the +3 ring mail "Jippe" {rPois Regen+ rCorr
                  | Int-3}
 61737 | Depths:4 | Reached XP level 24. HP: 188/210 MP: 36/36
 62313 | Depths:4 | Found a gate to the Realm of Zot.
 62332 | Depths:4 | Received a gift from Okawaru
 62402 | Depths:4 | Got Sif Muna's Essays on the Shocking Figure
 63245 | Snake:4  | Killed turdburglar's ghost
 64290 | Vaults:1 | Identified the +2 hat "Watifoal" {Str+4}
 64311 | Vaults:1 | Identified the ring of Efeopoffa {+Blink rF+ MP+9 Int-5
                  | Stlth+}
 64498 | Vaults:2 | Killed Vatovie's ghost
 64519 | Vaults:2 | Killed dolemite99's ghost
 64519 | Vaults:2 | Received a gift from Okawaru
 64713 | Vaults:5 | Entered Level 5 of the Vaults
 64780 | Vaults:4 | Received a gift from Okawaru
 65065 | Vaults:5 | Noticed a dread lich
 65077 | Vaults:4 | Received a gift from Okawaru
 65115 | Vaults:5 | Noticed a dread lich
 65118 | Arena    | Entered the Arena
 65126 | Arena    | Killed a dread lich
 65127 | Arena    | Reached skill level 15 in Polearms
 65319 | Arena    | Entered the Arena
 65323 | Arena    | Killed a dread lich
 65705 | Vaults:5 | Identified the ring "Otu Tan" {rPois MP-9 Int+3 Dex+6
                  | Slay+2}
 65830 | Vaults:4 | Received a gift from Okawaru
 65866 | Vaults:5 | Noticed an ancient lich
 65950 | Vaults:4 | Reached XP level 25. HP: 209/217 MP: 37/37
 65980 | Vaults:4 | Received a gift from Okawaru
 66068 | Vaults:4 | Killed an ancient lich
 66223 | Vaults:4 | Received a gift from Okawaru
 66361 | Vaults:5 | Identified the +9 battleaxe of Cobwebs {antimagic, rPois}
 66367 | Vaults:4 | Identified the +1 rapier of Emapnudoe {vorpal, *Rage rElec
                  | Str+3 Int+3} (Okawaru gifted it to you on level 4 of the
                  | Vaults)
 66367 | Vaults:4 | Received a gift from Okawaru
 66629 | Vaults:5 | Identified the +6 sling "Killer Klown's Doom" {venom, Will+
                  | rCorr Dex+4}
 66798 | Vaults:5 | Identified the ring of Woh Reniuth {Ice rElec Will+++
                  | Str-2}
 67176 | Vaults:5 | Got a silver rune of Zot
 68016 | Elf:3    | Entered Level 3 of the Elven Halls
 68154 | Elf:3    | Acquired a manual of Armour
 68222 | Elf:3    | Reached skill level 15 in Armour
 68387 | Elf:3    | Received a gift from Okawaru
 68726 | Elf:3    | Received a gift from Okawaru
 69142 | Elf:3    | Identified the +7 broad axe of the Realm of Zot {speed,
                  | Will+ Int+2}
 69142 | Elf:3    | Identified the +10 shortbow of the Mashing Pariah {speed,
                  | Will+}
 69142 | Elf:3    | Identified the +2 robe "Adets" {Archmagi}
 69142 | Elf:3    | Identified the ring "Sitegy Joesch" {rPois rCorr Str+4
                  | Dex-3}
 69237 | Elf:3    | Received a gift from Okawaru
 69563 | Elf:3    | Identified the +5 whip "Weriwkawk" {protect, *Rage rElec
                  | rPois rC-}
 69564 | Elf:3    | Identified the +6 long sword of the Enchanted Forest
                  | {venom, rC+ rCorr}
 69571 | Elf:3    | Got Siplukoa's Octavo of Charms and Lightning
 70040 | Zot:1    | Entered Level 1 of the Realm of Zot
 70074 | Zot:1    | Identified the +5 dagger "Luhustroh" {pain, Int+3}
 70132 | Zot:1    | Identified the +3 ring mail "Ytass" {rElec} (Okawaru gifted
                  | it to you on level 1 of the Realm of Zot)
 70132 | Zot:1    | Received a gift from Okawaru
 70479 | Zot:1    | Noticed an ancient lich
 70492 | Zot:1    | Killed an ancient lich
 70952 | Zot:1    | Noticed an orb of fire
 70972 | Zot:1    | Gained mutation: Your spells are a little easier to cast,
                  | but a little less powerful. [an orb of fire]
 70977 | Zot:1    | Killed an orb of fire
 70978 | Zot:1    | Reached XP level 26. HP: 180/224 MP: 31/37
 71558 | Zot:2    | Lost mutation: Your spells are a little easier to cast, but
                  | a little less powerful. [potion of mutation]
 71558 | Zot:2    | Gained mutation: You have large cloven feet. [potion of
                  | mutation]
 71558 | Zot:2    | Gained mutation: Your flesh is heat resistant. (rF+)
                  | [potion of mutation]
 71558 | Zot:2    | Gained mutation: Your body sometimes deteriorates upon
                  | taking damage. [potion of mutation]
 71559 | Zot:2    | Lost mutation: You have large cloven feet. [potion of
                  | mutation]
 71559 | Zot:2    | Lost mutation: Your flesh is heat resistant. (rF+) [potion
                  | of mutation]
 71559 | Zot:2    | Gained mutation: You are somewhat resistant to further
                  | mutation. [potion of mutation]
 72264 | Zot:2    | Received a gift from Okawaru
 72402 | Zot:2    | You fall into a shaft and drop 2 floors!
 72465 | Zot:3    | Noticed an orb of fire
 72466 | Zot:3    | Gained mutation: You occasionally lose the ability to read
                  | scrolls when taking damage. [an orb of fire]
 72468 | Zot:2    | Lost mutation: Your body sometimes deteriorates upon taking
                  | damage. [potion of mutation]
 72468 | Zot:2    | Lost mutation: You occasionally lose the ability to read
                  | scrolls when taking damage. [potion of mutation]
 72529 | Zot:2    | Reached skill level 15 in Shields
 72924 | Zot:3    | Noticed Zeld's ghost (veteran MiBe)
 73010 | Zot:3    | Found a runed translucent door.
 73050 | Zot:3    | Gained mutation: You are dopey. (Int -2) [an orb of fire]
 73063 | Zot:3    | Gained mutation: Your magical capacity is low. (-10% MP)
                  | [an orb of fire]
 73070 | Zot:3    | Killed an orb of fire
 73217 | Arena    | Entered the Arena
 73570 | Zot:3    | Received a gift from Okawaru
 73859 | Zot:3    | Killed Zeld's ghost
 73930 | Zot:3    | Identified the +1 hat "Cuvogh" {*Corrode +Inv rElec Slay-5}
 73935 | Zot:3    | Got the Spellbook of the Mountains
 74054 | Zot:4    | Found a transporter.
 74120 | Zot:4    | Identified the +5 ice dragon scales "Akhe" {rF- rC++ Int+4}
                  | (Okawaru gifted it to you on level 4 of the Realm of Zot)
 74120 | Zot:4    | Received a gift from Okawaru
 74652 | Zot:4    | Found a transporter.
 75061 | Zot:5    | Entered Level 5 of the Realm of Zot
 75658 | Zot:5    | Noticed an ancient lich
 75662 | Zot:5    | Noticed a dread lich
 75668 | Zot:5    | Killed an ancient lich
 75690 | Zot:5    | Killed a dread lich
 75727 | Zot:5    | Noticed an orb of fire
 75730 | Zot:5    | Noticed an orb of fire
 75730 | Zot:5    | Noticed an orb of fire
 75741 | Zot:5    | Noticed a dread lich
 75747 | Zot:5    | Noticed an ancient lich
 75769 | Zot:5    | Killed an ancient lich
 75770 | Zot:5    | Noticed a dread lich
 75776 | Zot:5    | Noticed an orb of fire
 75780 | Zot:5    | Reached XP level 27. HP: 111/231 MP: 33/33
 75793 | Zot:5    | Killed a dread lich
 75811 | Arena    | Entered the Arena
 75811 | Arena    | Gained mutation: You sometimes lose your temper in combat.
                  | [an orb of fire]
 75821 | Arena    | Killed an orb of fire
 75866 | Arena    | Entered the Arena
 75875 | Arena    | Killed an orb of fire
 75922 | Zot:5    | Killed an orb of fire
 75942 | Zot:5    | Killed an orb of fire
 76330 | Zot:5    | Received a gift from Okawaru
 76387 | Zot:5    | Killed a dread lich
 76709 | Zot:5    | Lost mutation: Your magical capacity is low. (-10% MP)
                  | [potion of mutation]
 76709 | Zot:5    | Lost mutation: You sometimes lose your temper in combat.
                  | [potion of mutation]
 76709 | Zot:5    | Gained mutation: You possess an exceptional clarity of
                  | mind. [potion of mutation]
 76710 | Zot:5    | Got the Orb of Zot
 77135 | D:7      | Noticed Abuzoec the pandemonium lord
 77329 | D:$      | Escaped with the Orb!

Illustrated notes

Levels and vault maps discovered:
D:1:      lemuel_arrival_behind_the_door_large, layout_basic, serial_shops, shop
D:2:      layout_loops_ring, shapermc_ecumenical_altar_flowoftime, uniq_jessica
D:3:      wander_river, layout_basic, minitemple, ebering_dispersal_statue_hall,
          uniq_robin, uniq_natasha, uniq_ijyb
D:4:      black_bear_nest_2, layout_basic, gammafunk_ghost_necromancy,
          minmay_splitting_lines, minmay_mini_jars
D:5:      layout_layer_cave, serial_bayou_pond_e
D:6:      layout_rooms, tgw_kikubaaqudgha, old_standard_altar,
          minmay_temple_entry_statues_pillars, grunt_tough_drop, uniq_duvessa
D:7:      layout_basic, nicolae_overflow_crystal_walls, serial_shops,
          nicolae_shop_advertising_works [nicolae_subvault_shop_adworks],
          uniq_menkaure
D:8:      layout_basic, grunt_lair_entry_orc_guard_hut, uniq_grum
D:9:      minmay_the_grid_3x2 [minmay_the_grid_paths, minmay_the_grid_tri_star,
          minmay_the_grid_pillar_ring, minmay_the_grid_fan,
          minmay_the_grid_garden, minmay_the_grid_prize_four_corners],
          layout_long_grid
D:10:     cheibrodos_wizards_tower, layout_long_grid,
          mainiacjoe_overflow_alcove_1, zombieorc2_lemuel,
          nicolae_elevator_lobby_asterisk
D:11:     layout_rooms, gauntlet_entry_generic
D:12:     layout_rooms, uniq_frances, uniq_snorg
D:13:     layout_roguey, david_vaults_1
D:14:     layout_irregular_city, dk_noncrumbling_4
D:15:     grunt_enter_depths_hoard, layout_loops_cross, serial_shops,
          nicolae_shop_hallway_stairs, nicolae_shop_statue_plus, shop,
          fountainhead, small_statue_intersection
Temple:   eino_narrow_crystal_temple
Lair:1:   layout_layer_cave, infiniplex_staircase_pool, grunt_megastairs_2
Lair:2:   layout_roguey, shoals_dummy_entry, minmay_snake_entry_spellcaster,
          minivault_19, lemuel_fruit_tree
Lair:3:   layout_layer_cave
Lair:4:   layout_roguey, portal_ice_cave_rime,
          eino_small_chamber_without_monster, grunt_megastairs_3
Lair:5:   minmay_lair_end_frog_pond, layout_concentric_octagons,
          dpeg_slime_entry_enclosed, serial_bayou_shore_b, uniq_rupert
Shoals:1: dreamdust_from_the_deep, layout_shoals, nicolae_shop_gadgets
Shoals:2: layout_shoals
Shoals:3: layout_shoals, serial_shops, shop_fountains
Shoals:4: shoals_end_grunt_ice, layout_shoals, hangedman_shoals_cup_caves
Snake:1:  layout_chambers, st_stairs_8
Snake:2:  layout_misc_corridors, grunt_megastairs_4
Snake:3:  layout_honeycomb, minmay_shop_star
Snake:4:  minmay_snake_end_coiled, layout_layer_cave,
          gammafunk_ghost_abyssal_escape, st_stairs_12, nicolae_snake_lava_pool
Orc:1:    layout_caves, basic_altar, guppyfry_orc_lava_fort, uniq_jorgrun
Orc:2:    st_orc_elflike, layout_diamond_mine, basic_altar, serial_shops,
          bzr_in_the_mist
Elf:1:    minmay_elf_arrival_plus, layout_loops_cross, orc_legates, drop_trap,
          hangedman_research_quantum
Elf:2:    elven_hall_of_blades_hangedman_alternative
          [nicolae_blade_entry_crossed_weapons], layout_geoelf_octagon
Elf:3:    minmay_elf_hall_curves, layout_geoelf_grid
Vaults:1: lightli_enter_wizlab_magi_temple, hangedman_vaults_slither,
          grunt_vaults_twisty, ontoclasm_vaults_eye, v_alt_pattern_2, v_misc_32,
          v_misc_15, gammafunk_the_bubble [the_bubble_gammafunk_split],
          v_pattern_1, nicolae_vaults_ring_of_whatevers,
          nicolae_vaults_shelves_hall, vaults_room_door_ring,
          layout_vaults_omnicross
Vaults:2: gammafunk_ghost_door_vault, vaults_dpeg_hooks, vaults_room_grid,
          ontoclasm_vaults_ligature, nicolae_vaults_arrows,
          ontoclasm_vaults_gallery, hangedman_vaults_trim,
          vaults_dpeg_emergency_exit, v_misc_24, layout_vaults_omnigrid,
          serial_shops, shop
Vaults:3: ebering_ghost_reflecting_pool, nicolae_vaults_an_arrangement,
          hangedman_vaults_nodes, v_rooms_4, nicolae_vaults_big_ls,
          minmay_crypt_entry_nasty_monster, ontoclasm_vaults_decontamination,
          hangedman_vaults_restitches, nicolae_vaults_little_squares_6,
          layout_vaults_big_room, serial_shops, shop, shop_statue,
          nicolae_shop_stone, shop_statue, uniq_bai_suzhen, uniq_boris
Vaults:4: hangedman_vaults_unwind, nicolae_vaults_inception_corners,
          vaults_room_door_hall, st_spiral_rooms, v_alt_pattern_6,
          v_alt_pattern_2, v_misc_14, dpeg_vaults_monster_box,
          ontoclasm_vaults_misaligned, nicolae_vaults_little_squares_3,
          vaults_dpeg_encased_lava, layout_vaults_maze_snakey
Vaults:5: serial_shops
Depths:1: layout_roguey [special_room_morgue], enter_ziggurat_d,
          nicolae_trove_entry_crossroad, pf_coc_iceberg,
          grunt_absolute_annihilation, grunt_megastairs_5
Depths:2: minmay_skeletal_surprise, layout_basic, serial_bayou_shore_b,
          rand_demon_pan_entry_9, hell_entry, infiniplex_staircase_trident
Depths:3: minmay_sliced_demisemicircle, layout_long_grid, hellmouth_1,
          nicolae_sif_muna_condensation, nicolae_abyss_entry_one_way_or_another,
          infiniplex_staircase_pillars_2, firewood_loft, minmay_shoptagon,
          uniq_frederick
Depths:4: lemuel_castle_with_subvaults [lemuel_castle_interior_carwin_1],
          layout_gridville, hangedman_decor_opposing, hell_entry,
          minmay_hollow_rounded_squares
Zot:1:    hangedman_zot_vaults_quadrants, layout_onion_interference,
          st_stairs_14
Zot:2:    layout_gridlike, st_single_dragon_hoard_3,
          hangedman_zot_decor_unnerving_road, uniq_grunn
Zot:3:    layout_cathedral_of_symmetry, hellmonk_ghost_big_iron
Zot:4:    gammafunk_its_a_trap, layout_cathedral_of_symmetry
Zot:5:    layout_onion, lemuel_baited_zot_trap

Skill      XL: |  1  2  3  4  5  6  7  8  9 10 11 12 13 14 15 16 17 18 19 20 21 22 23 24 25 26 27 |
---------------+----------------------------------------------------------------------------------+-----
Long Blades    | 2 3 4 6 7 9 10 12 13 14 15 | 15.8
Throwing       | 1 2 3 4 5 6 8 10 | 10.0
Fighting       | 4 5 6 7 9 10 11 13 15 18 21 22 | 22.0
Evocations     | 3 5 6 8 10 12 14 16 17 | 17.2
Invocations    | 1 6 7 10 13 16 19 20 | 20.5
Shields        | 4 6 7 8 9 12 14 16 | 16.7
Armour         | 4 6 7 8 9 10 13 18 20 21 | 21.3
Dodging        | 3 6 10 12 13 15 16 18 19 | 19.7
Polearms       | 2 11 12 13 16 17 18 | 18.2

Action                   |  1- 3 |  4- 6 |  7- 9 | 10-12 | 13-15 | 16-18 | 19-21 | 22-24 | 25-27 || total
-------------------------+-------+-------+-------+-------+-------+-------+-------+-------+-------++-------
Melee: Long sword        |   120 |    24 |   168 |    68 |       |       |       |       |       ||   380
       Falchion          |       |   135 |   112 |   523 |   956 |       |       |       |       ||  1726
       Headbutt          |       |       |    52 |   162 |   363 |   437 |   483 |   711 |   548 ||  2756
       Scimitar          |       |       |       |     7 |     5 |       |       |       |       ||    12
       Lance             |       |       |       |       |   344 |  2105 |  1663 |  2413 |  1668 ||  8193
Throw: Stone             |       |    12 |    32 |    14 |       |       |       |       |       ||    58
       Dart              |       |     5 |    12 |     2 |    10 |       |     7 |       |       ||    36
       Boomerang         |       |       |       |     2 |       |     1 |    73 |     4 |    31 ||   111
       Javelin           |       |       |       |       |     4 |    15 |     5 |     5 |    24 ||    53
Invok: Heroism           |       |       |       |     7 |    11 |     5 |     9 |    15 |     7 ||    54
       Finesse           |       |       |       |       |     3 |     3 |     7 |    11 |     6 ||    30
       Duel              |       |       |       |       |       |       |     1 |     2 |     3 ||     6
Evoke: Wand              |       |       |    13 |       |     8 |       |       |       |     6 ||    27
  Use: Potion            |       |     1 |     3 |       |     3 |     2 |     4 |     3 |    25 ||    41
       Scroll            |       |     7 |     3 |    10 |    21 |     7 |     4 |     7 |    14 ||    73
 Stab: Distracted        |       |       |       |       |       |       |     1 |     1 |       ||     2
Armor: Scale mail        |    64 |    87 |    91 |       |       |       |       |       |       ||   242
       Chain mail        |       |       |    20 |    44 |       |       |       |       |       ||    64
       Plate armour      |       |       |       |   180 |   533 |   655 |   409 |   592 |   389 ||  2758
Dodge: Dodged            |    51 |    67 |    86 |    81 |   199 |   429 |   375 |   656 |   598 ||  2542
Block: Buckler           |    32 |    31 |    72 |   123 |   247 |   276 |   223 |       |       ||  1004
       Kite shield       |       |       |       |       |   287 |    62 |   119 |  1200 |   909 ||  2577
       Reflection        |       |       |       |       |     8 |       |       |       |       ||     8
